 Dungeon Crawl Stone Soup version 0.22-a0-565-gfc6459a (webtiles) character file.

67 Amnesiac the Digger (level 3, -1/16 HPs)
             Began as a Spriggan Earth Elementalist on June 28, 2018.
             Slain by Sigmund
             ... wielding a +0 scythe
              (9 damage)
             ... on level 3 of the Dungeon.
             The game lasted 00:01:50 (846 turns).

Amnesiac the Digger (Spriggan Earth Elementalist)    Turns: 846, Time: 00:01:51

Health: -1/16      AC:  2    Str:  4    XL:     3   Next: 98%
Magic:  3/9        EV: 18    Int: 17    God:
Gold:   11         SH:  0    Dex: 16    Spells: 3/9 levels left

rFire    . . .     SeeInvis +   h - -3 dagger (curse)
rCold    . . .     Gourm    .   (shield restricted)
rNeg     . . .     Faith    .   c - +0 robe
rPois    .         Spirit   .   (helmet restricted)
rElec    .         Reflect  .   (no cloak)
rCorr    .         Harm     .   (gloves unavailable)
MR       .....                  (boots unavailable)
Stlth    ++........             (no amulet)
HPRegen  0.05/turn              (no ring)
MPRegen  0.11/turn              (no ring)

@: very quick
A: very small, unfitting armour, see invisible, herbivore, speed 3, slow
metabolism 2
a: no special abilities


You were on level 3 of the Dungeon.
You were not hungry.

You visited 1 branch of the dungeon, and saw 3 of its levels.

You collected 11 gold pieces.

Inventory:

Hand Weapons
 h - a cursed -3 dagger (weapon)
Missiles
 b - 22 stones (quivered)
Armour
 c - a +0 robe (worn)
Jewellery
 f - an uncursed ring of protection from fire {unknown}
Scrolls
 a - 3 scrolls of remove curse {!r, unknown}
 g - 3 scrolls of identify {!r, unknown}
Potions
 e - a potion of flight {!q, unknown}
Comestibles
 d - a ration


   Skills:
 - Level 3.0 Dodging
 - Level 3.0 Stealth
 + Level 3.7 Spellcasting
 - Level 1.3 Transmutations
 * Level 4.0 Earth Magic


You had 3 spell levels left.
You knew the following spells:

 Your Spells              Type           Power        Failure   Level  Hunger
a - Sandblast             Erth           ###...       3%          1    None
b - Passwall              Tmut/Erth      ##......     9%          2    ##.....
c - Stone Arrow           Conj/Erth      ##....       22%         3    ###....

Your spell library contained the following spells:

 Spells                   Type           Power        Failure   Level  Hunger
 Lee's Rapid Deconstruct  Erth           ###.......   65%         5    ######.
 Petrify                  Tmut/Erth      ##......     47%         4    ####...


Dungeon Overview and Level Annotations

Branches:
Dungeon (3/15)

Altars:

Annotations:
D:3 Sigmund


Innate Abilities, Weirdness & Mutations

You are very small and have problems with some larger weapons.
You are too small for most types of armour.
You have supernaturally acute eyesight. (SInv)
You are a herbivore.
You cover ground extremely quickly.
You need to consume almost no food.


Message History

The bat closely misses you.
Casting: Sandblast (safe; 3% risk of failure)
Confirm with . or Enter, or press ? or * to list all spells.
Aiming: Sandblast (safe; 3% risk of failure)
Press: ? - help, Shift-Dir - straight line, f - bat
Aim: a bat The blast of sand misses the bat.
b - 27 stones The bat misses you.
Unknown command.
Casting: Sandblast (safe; 3% risk of failure)
Confirm with . or Enter, or press ? or * to list all spells.
Aiming: Sandblast (safe; 3% risk of failure)
Press: ? - help, Shift-Dir - straight line, f/p - bat
Aim: a bat The blast of sand misses the bat.
b - 26 stones Sigmund shouts!
You hear a shout!
The bat misses you.
Sigmund gestures wildly while chanting.
Sigmund flickers and vanishes for a moment.
Unknown command.
Casting: Sandblast (safe; 3% risk of failure)
Confirm with . or Enter, or press ? or * to list all spells.
Aiming: Sandblast (safe; 3% risk of failure)
Press: ? - help, Shift-Dir - straight line, f/p - bat
Aim: a bat The blast of sand hits the bat.
You kill the bat!
Your Earth Magic skill increases to level 4!
b - 25 stones Unknown command.
Casting: Sandblast (safe; 3% risk of failure)
Confirm with . or Enter, or press ? or * to list all spells.
Aiming: Sandblast (safe; 3% risk of failure)
Press: ? - help, Shift-Dir - straight line, f - Sigmund
Aim: Sigmund, wielding a scythe and wearing a robe (slightly transparent)
The blast of sand hits Sigmund.
Sigmund is heavily wounded.
b - 24 stones Unknown command.
Casting: Sandblast (safe; 3% risk of failure)
Confirm with . or Enter, or press ? or * to list all spells.
Aiming: Sandblast (safe; 3% risk of failure)
Press: ? - help, Shift-Dir - straight line, f/p - Sigmund
Aim: Sigmund, wielding a scythe and wearing a robe (heavily wounded, slightly transparent)
The blast of sand hits Sigmund.
Sigmund is severely wounded.
b - 23 stones Sigmund gestures at you while chanting.
The magic dart hits you!
Ouch! That really hurt!
* * * LOW HITPOINT WARNING * * *
Casting: Sandblast (safe; 3% risk of failure)
Confirm with . or Enter, or press ? or * to list all spells.
Aiming: Sandblast (safe; 3% risk of failure)
Press: ? - help, Shift-Dir - straight line, f/p - Sigmund
Aim: Sigmund, wielding a scythe and wearing a robe (severely wounded, slightly transparent)
The blast of sand hits Sigmund.
Sigmund is almost dead.
b - 22 stones Sigmund hits you from afar with a scythe!
Ouch! That really hurt!
You die...

..#............#
................+
.................#
...b....>.........#
..................#
............#†....#
............@...####
....................#
.............@......#
..^........?........###
......................#
......................#
..........####...)....+
.................)<...#
.......÷..).).........+
....$...).............#
#........)..)..).....##


You could see Sigmund (invisible).

Vanquished Creatures
  3 gnolls (D:3)
  A worm (D:2)
  A dart slug (D:1)
  2 leopard geckos
  4 bats
  A giant cockroach (D:3)
  11 goblins
  A hobgoblin (D:3)
  2 kobolds (D:3)
  6 frilled lizards (D:2)
32 creatures vanquished.

Notes
Turn   | Place    | Note
-------+----------+-------------------------------------------
     0 | D:1      | Amnesiac the Spriggan Earth Elementalist began the quest for the Orb.
     0 | D:1      | Reached XP level 1. HP: 9/9 MP: 5/5
   281 | D:1      | Reached skill level 3 in Earth Magic
   347 | D:2      | Reached XP level 2. HP: 13/13 MP: 4/7
   357 | D:2      | Learned a level 2 spell: Passwall
   482 | D:3      | Noticed Sigmund
   581 | D:2      | Reached XP level 3. HP: 11/16 MP: 0/8
   586 | D:2      | Learned a level 3 spell: Stone Arrow
   843 | D:3      | Reached skill level 4 in Earth Magic
   846 | D:3      | Slain by Sigmund

Vault maps used:
D:1:      minmay_arrival_doors, minmay_domino_4
D:2:      nicolae_overflow_hidden_temple, eat_drink_and_be_merry_uskayaw,
          minmay_lizard_king
D:3:      first_ration, uniq_robin, uniq_sigmund

Skill      XL: |  1  2  3 |
---------------+----------+-----
Spellcasting   | 3 |  3.7
Earth Magic    | 3 4 |  4.0
Dodging        | |  3.0
Stealth        | |  3.0
Transmutations | |  1.3

Action                   || total
-------------------------++-------
Melee: Unarmed           ||    35
       Dagger            ||     3
 Cast: Sandblast         ||    48
Armor: Robe              ||    15
Dodge: Dodged            ||    88

Table legend:
 A = Spawn XP
 B = Non-spawn XP
 C = Spawn XP percentage of total XP
 D = Spawn monster count
 E = Non-spawn monster count
 F = Spawn count percentage of total count
 G = Total turns spent on level
                    A         B        C        D         E        F      G
               +---------+---------+-------+---------+---------+-------+---------
         Total |       0 |      96 |   0.0 |       0 |      32 |   0.0 |   846
               +---------+---------+-------+---------+---------+-------+---------
           D:1 |       0 |      11 |   0.0 |       0 |       4 |   0.0 |   297
           D:2 |       0 |      21 |   0.0 |       0 |      12 |   0.0 |   301
           D:3 |       0 |      64 |   0.0 |       0 |      16 |   0.0 |   248
               +---------+---------+-------+---------+---------+-------+---------
